AoeStats
← 蒲池木昜

Nomad

510088097Analyzed
4v4 RM · 2d ago on Sep 29, 2026· 40m 29s· 8 players
Game mode
Random Map
Map size
231×231
Population
200
Speed
Normal
Resources
Standard
Victory
Conquest
Starting age
Dark Age
Ending age
Imperial Age
RankedLock teamsTeams togetherTeam positionsShared explorationLock speedFull tech treeHidden civsTurbo modeCheats
Victory
Defeat
🇨🇳 Spanish · China
1045
+14
🇦🇺 Japanese · Australia
1015
+15
🇨🇳 Wei · China
971
+17
🇨🇳 Cumans · China
917
+48
🇵🇱 Varangians · Poland
1015
-17
🇩🇪 Japanese · Germany
986
-16
🇵🇱 Goths · Poland
981
-16
🇷🇺 Danes · Russia
974
-15
Artem
Bamboozled Kiwi
6:49 Loom
12:44 Feudal Age
14:12 Double-Bit Axe
19:40 Castle Age
18:43 Man-at-Arms
19:42 Scale Mail Armor
19:52 Forging
19:56 Long Swordsman
25:09 Bow Saw
24:40 Horse Collar
31:19 Wheelbarrow
31:01 Heavy Plow
31:51 Chain Mail Armor
32:11 Iron Casting
32:43 Padded Archer Armor
32:34 Fletching
32:17 Elite Skirmisher
35:47 Leather Archer Armor
38:50 Squires
38:53 Anarchy
KoryT
14:01 Loom
16:16 Feudal Age
22:15 Castle Age
21:22 Double-Bit Axe
21:55 Scale Barding Armor
22:11 Gold Mining
23:09 Bloodlines
24:04 Husbandry
24:28 Fletching
27:07 Chain Barding Armor
26:59 Forging
27:55 Horse Collar
31:29 Wheelbarrow
32:54 Bow Saw
34:34 Iron Casting
40:01 Stone Mining
Hoodie Melo
13:02 Feudal Age
19:43 Castle Age
18:58 Double-Bit Axe
19:52 Fletching
20:02 Padded Archer Armor
20:53 Town Watch
20:53 Loom
21:57 Bow Saw
22:40 Gold Mining
22:40 Stone Mining
22:57 Stone Mining
25:23 Wheelbarrow
26:13 Elite Skirmisher
27:09 Bodkin Arrow
27:36 Horse Collar
29:52 Ballistics
30:06 Leather Archer Armor
30:31 Thumb Ring
31:45 Heavy Plow
31:33 Pikeman
32:22 Scale Mail Armor
32:32 Forging
34:22 Hand Cart
38:43 Imperial Age
37:20 Town Patrol
38:58 Gold Shaft Mining
39:37 Bracer
40:07 Ring Archer Armor
40:41 Chemistry
41:11 Conscription
Julius Caesar
9:48 Loom
14:37 Feudal Age
15:12 Double-Bit Axe
20:13 Castle Age
18:35 Fishing Lines
22:19 Bow Saw
22:01 Gillnets
22:27 Medium Warships
25:32 Stone Mining
25:32 Gold Mining
29:12 Wheelbarrow
33:06 Imperial Age
31:18 Fletching
31:28 Padded Archer Armor
32:25 Bodkin Arrow
33:57 Leather Archer Armor
33:48 Scale Barding Armor
33:54 Forging
35:35 Conscription
36:38 Hand Cart
36:28 Bracer
36:58 Ring Archer Armor
35:52 Elite Conquistador
37:42 Stone Shaft Mining
38:10 Two-Man Saw
36:55 Horse Collar
37:54 Forging
38:05 Chain Barding Armor
37:51 Husbandry
Rido
5:10 Loom
17:28 Feudal Age
18:47 Wheelbarrow
17:58 Town Watch
18:00 Double-Bit Axe
18:10 Fishing Lines
19:59 Stone Mining
19:59 Gold Mining
23:18 Castle Age
21:30 Forging
21:21 Scale Mail Armor
21:26 Scale Barding Armor
21:15 Fletching
21:48 Horse Collar
24:18 Hand Cart
24:16 Bow Saw
24:24 Medium Warships
24:54 Gillnets
26:51 Ballistics
26:48 Careening
26:49 Clinker Construction
26:28 Man-at-Arms
26:53 Gambesons
27:08 Squires
26:54 Arson
27:08 Bodkin Arrow
27:49 Iron Casting
27:34 Heavy Plow
29:47 Town Patrol
30:32 Ballistics
30:31 Thumb Ring
33:25 Guard Tower
34:59 Gold Shaft Mining
40:16 Imperial Age
38:34 Pikeman
40:24 Masonry
39:55 Treadmill Crane
40:13 Murder Holes
40:29 Fortified Wall
41:26 Conscription
41:28 Kataparuto
bro
7:15 Loom
15:33 Feudal Age
20:24 Castle Age
18:53 Fletching
19:03 Padded Archer Armor
19:15 Forging
19:11 Scale Barding Armor
18:51 Fishing Lines
20:58 Bloodlines
21:54 Bodkin Arrow
24:37 Ballistics
28:28 Leather Archer Armor
31:09 Husbandry
36:13 Thumb Ring
41:07 Imperial Age
蒲池木昜
18:43 Feudal Age
20:21 Double-Bit Axe
22:45 Fishing Lines
31:17 Scale Barding Armor
31:25 Forging
34:23 Castle Age
38:29 Bow Saw
38:31 Gillnets
39:49 Demolition Ship
Connection lost

Rejoining the realm…

Still unreachable

The connection could not be restored.

Session expired

The server has moved on; the page needs a fresh start.